 Dungeon Crawl Stone Soup version 0.30-a0-575-g6f4a10e2d2 (webtiles) character file.

Game seed: 1310534514941271696

158 M4edhros the Charlatan (level 5, -3/34 HPs)
             Began as an Octopode Artificer on Dec 30, 2022.
             Slain by a gnoll
             ... wielding a +0 spear
             ... led by a gnoll bouda
              (10 damage)
             ... on level 5 of the Dungeon.
             The game lasted 00:01:44 (1060 turns).

M4edhros the Charlatan (Octopode Artificer)         Turns: 1060, Time: 00:01:44

Health: -3/34      AC:  1    Str: 12    XL:     5   Next: 39%
Magic:  5/5        EV: 14    Int: 13    God:
Gold:   80         SH:  0    Dex: 14    Spells: 4/4 levels left

rFire   . . .      SeeInvis .      - Unarmed
rCold   . . .      Faith    .    (no shield)
rNeg    . . .      Spirit   .    (helmet restricted)
rPois   .          Reflect  .    (no amulet)
rElec   .          Harm     .    (no ring)
rCorr   .          Rampage  .    (no ring)
Will    .....                    (no ring)
Stlth   +++                      (no ring)
HPRegen 0.25/turn                (no ring)
MPRegen 0.09/turn                (no ring)
                                 (no ring)
                                 (no ring)

@: no status effects
A: almost no armour, amphibious, 8 rings, camouflage 1, gelatinous body 1,
(nimble swimmer 1), tentacles
a: no special abilities


You were on level 5 of the Dungeon.
You visited 1 branch of the dungeon, and saw 5 of its levels.

You collected 80 gold pieces.

Inventory:

Missiles
 f - 18 poisoned darts
Wands
 b - a wand of flame (14) (quivered)
 c - a wand of charming (13)
 d - a wand of iceblast (3)
Scrolls
 a - a scroll of enchant armour {unknown}
 e - a scroll of enchant weapon {unknown}
 i - a scroll of brand weapon {unknown}
 j - a scroll of fog {unknown}
 k - a scroll of immolation {unknown}
 l - 2 scrolls of identify {unknown}
 n - a scroll of teleportation {unknown}
Potions
 g - a potion of heal wounds {unknown}
 h - a potion of flight {unknown}
 m - a potion of curing {unknown}


   Skills:
 + Level 2.0 Fighting
 + Level 3.1 Dodging
 + Level 3.0 Stealth
 * Level 2.8 Unarmed Combat
 + Level 4.0 Evocations


You had 4 spell levels left.
You didn't know any spells.
Your spell library contained the following spells:

 Spells                   Type           Power      Damage    Failure   Level
 Sting                    Tmut/Pois      0%         1d3       30%         1
 Poisonous Vapours        Pois/Air       0%         N/A       43%         2
 Olgreb's Toxic Radiance  Pois           0%         N/A       97%         4
 Summon Ice Beast         Ice/Summ       0%         N/A       97%         4
 Summon Mana Viper        Hex/Summ       0%         N/A       100%        5
 Monstrous Menagerie      Summ           0%         N/A       100%        7


Dungeon Overview and Level Annotations

Branches:
Dungeon (5/15)
 Temple: D:4-7

Altars:

Shops:
D:5 [

Annotations:
D:5 Blork the orc


Innate Abilities, Weirdness & Mutations

You cannot wear most types of armour.
You are amphibious.
You can wear up to eight rings at the same time.
Your skin changes colour to match your surroundings (Stealth+).
Your rubbery body absorbs attacks. (AC +1, EV +1)
((You are camouflaged when in or above water. (Stealth+)))
You have tentacles for arms and can constrict up to eight enemies at once.


Message History

Blork the orc is moderately wounded.
Blork the orc misses you.
You tentacle-slap Blork the orc. You grab Blork the orc.
Blork the orc is moderately wounded.
You constrict Blork the orc, but do no damage.
A gnoll comes into view. It is wielding a +0 spear.
A gnoll bouda comes into view. It is wielding a +0 whip.
Blork the orc hits you with a +0 hand axe!
The gnoll shouts!
You tentacle-slap Blork the orc but do no damage.
Your squeeze misses Blork the orc.
Blork the orc is moderately wounded.
You constrict Blork the orc.
You hear an angry hiss.
The gnoll bouda barks out a call to the hunt!
The gnoll picks up the pace!
Blork the orc barely misses you.
You tentacle-slap Blork the orc but do no damage.
You squeeze Blork the orc, but do no damage.
Blork the orc is moderately wounded.
You constrict Blork the orc.
Blork the orc hits you with a +0 hand axe!
* * * LOW HITPOINT WARNING * * *
An adder comes into view.
Okay, then.
Aiming: Charm
Press: ? - help, Shift-Dir - straight line, f - Blork the orc
Aim: Blork the orc, wielding a +0 hand axe and wearing a +0 robe (moderately wounded, constricted by you, chance to affect: 59%) Blork the orc is charmed.
You release your grip on Blork the orc.
The gnoll bouda hits Blork the orc with a +0 whip.
The gnoll bouda hits Blork the orc with a +0 whip!
What are your orders? t - Shout!
Orders for allies: a - Attack new target. p - Attack previous target. r - Retreat! s - Stop attacking. g - Guard the area. f - Follow me.
Anything else - Cancel.
Guard this area!
The gnoll hits you from afar with a +0 spear!
You die...

#.##.###.##.#
#.##+# #.##.#
#.#≈.# #.#..
###≈≈.###.#.#
#.'..∩..')#.#
#.###.≈≈#.#.#
#..##.≈##)#.######
##.##+###.).).....
#@# #.)<#.####.
#o# #...#...# #g#
###.##### .g# #.
.### #. .. #. #.
#. #S #. .


You could see a gnoll bouda, a gnoll (swift) and the friendly Blork the orc
(charmed, wandering).

Vanquished Creatures
  A kobold brigand (D:5)
  A hound (D:5)
  2 gnolls (D:5)
  4 orcs
  4 ball pythons
  2 bats (D:1)
  3 endoplasms
  2 giant cockroaches (D:3)
  2 hobgoblins
  12 kobolds
  A quokka (D:1)
  A frilled lizard (D:1)
  A goblin (D:1)
  3 rats
39 creatures vanquished.

Vanquished Creatures (collateral kills)
  A rat (D:3)
1 creature vanquished.

Grand Total: 40 creatures vanquished

Notes
Turn   | Place    | Note
-------+----------+-------------------------------------------
     0 | D:1      | M4edhros the Octopode Artificer began the quest for the
                  | Orb.
     0 | D:1      | Reached XP level 1. HP: 13/13 MP: 1/1
   111 | D:1      | Reached XP level 2. HP: 14/18 MP: 2/2
   124 | D:1      | Reached skill level 1 in Unarmed Combat
   412 | D:3      | Reached XP level 3. HP: 10/23 MP: 3/3
   805 | D:5      | Entered Level 5 of the Dungeon
   814 | D:5      | Reached XP level 4. HP: 14/28 MP: 4/4
   979 | D:5      | Noticed a kobold brigand
   985 | D:5      | Killed a kobold brigand
   986 | D:5      | Reached XP level 5. HP: 34/34 MP: 5/5
  1033 | D:5      | Found Paorchayb's Armour Emporium.
  1050 | D:5      | Noticed Blork the orc
  1052 | D:5      | Reached skill level 4 in Evocations
  1060 | D:5      | Slain by a gnoll

Illustrated notes

Levels and vault maps discovered:
D:1:      dpeg_arrival_shrine, layout_basic, minivault_24
D:2:      minmay_skewed_foursquare, layout_loops_corners,
          shapermc_ecumenical_altar_flowoftime
D:3:      layout_rooms
D:4:      layout_basic, gammafunk_ghost_icy, minmay_misc_feat_enclosed,
          dreamdust_princess_bridge
D:5:      layout_loops_ring, minmay_temple_entry_from_below_a, serial_shops,
          nicolae_inconvenience_store, shop, nicolae_lakefront_shop,
          nicolae_shop_hallway_plus, minmay_misc_feat_nine_boxes,
          uniq_blork_the_orc, uniq_duvessa

Skill      XL: |  1  2  3  4  5 |
---------------+----------------+-----
Unarmed Combat | 1 2 |  2.8
Stealth        | 2 3 |  3.0
Dodging        | 3 |  3.1
Evocations     | 4 |  4.0
Fighting       | 2 |  2.0

Action                   |  1- 3 |  4- 6 || total
-------------------------+-------+-------++-------
Melee: Unarmed           |    69 |    19 ||    88
       Constrict         |    19 |     6 ||    25
       Tentacles         |    18 |     6 ||    24
       Punch             |     2 |     1 ||     3
Evoke: Wand              |     2 |     3 ||     5
 Stab: Sleeping          |     3 |       ||     3
Armor: Skin              |     7 |     1 ||     8
Dodge: Dodged            |    46 |    12 ||    58

Table legend: (Time is in decaauts)
 A = Elapsed time spent in this place.
 B = Non-inter-level travel time spent in this place.
 C = Inter-level travel time spent in this place.
 D = Time resting spent in this place.
 E = Time spent auto-exploring this place.
 F = Levels seen in this place.
 G = Mean time per level.
                   A        B        C        D        E       F      G
               +--------+--------+--------+--------+--------+-----+--------+
         Total |   1056 |   1032 |     24 |     86 |    675 |   5 |  211.2 |
       Dungeon |   1056 |   1032 |     24 |     86 |    675 |   5 |  211.2 |
               +--------+--------+--------+--------+--------+-----+--------+

Top non-repeatable levels by time:
     D:5: 253 daAuts
     D:4: 250 daAuts
     D:3: 214 daAuts
     D:2: 208 daAuts
     D:1: 129 daAuts
